 Dungeon Crawl Stone Soup version 0.19-a0-1168-g98094fc (webtiles) character file.

17 amanita the Slasher (level 2, 0/15 HPs)
             Began as a Vine Stalker Gladiator on Aug 15, 2016.
             Slain by a worker ant (2 damage)
             ... on level 4 of the Dungeon.
             The game lasted 00:05:28 (374 turns).

amanita the Slasher (Vine Stalker Gladiator)         Turns: 374, Time: 00:05:29

Health: 0/15       AC:  6    Str: 17    XL:     2   Next: 62%
Magic:  0/3        EV: 11    Int:  8    God:
Gold:   0          SH:  0    Dex: 14    Spells: 0 memorised, 1 level left

rFire  . . .     SeeInvis .     a - +0 long sword
rCold  . . .     Gourm    .     g - +0 ring mail
rNeg   . . .     Faith    .     (no shield)
rPois  .         Spirit   +     c - +0 helmet
rElec  .         Dismiss  .     (no cloak)
rCorr  .         Reflect  .     (no gloves)
MR     .....     Harm     .     (no boots)
Stlth  +.........               h - amulet of rage
                                (no ring)
                                (no ring)

@: no status effects
A: fangs 2, regeneration 1, magic shield, antimagic bite, no device heal 3, rot
immunity
a: Evoke Berserk Rage


You were on level 4 of the Dungeon.
You were not hungry.

You visited 1 branch of the dungeon, and saw 4 of its levels.

Inventory:

Hand Weapons
 a - a +0 long sword (weapon)
Missiles
 d - 3 throwing nets (quivered)
Armour
 b - a +0 leather armour
 c - a +0 helmet (worn)
 g - a +0 ring mail (worn)
Jewellery
 h - an amulet of rage (around neck)
Scrolls
 e - 4 scrolls of identify {unknown}
Potions
 i - a potion of agility {unknown}
 j - a potion of degeneration {unknown}
 k - a potion of magic {unknown}
Comestibles
 f - a bread ration


   Skills:
 - Level 1.7 Fighting
 + Level 3.5 Long Blades
 - Level 1.7 Throwing
 - Level 2.4 Dodging


You had one spell level left.
You didn't know any spells.

Dungeon Overview and Level Annotations

Branches:
Dungeon (4/15)
 Temple: D:4-7

Altars:

Annotations:
D:2 Natasha


Innate Abilities, Weirdness & Mutations

You have extremely sharp teeth.
Your natural rate of healing is unusually fast.
When hurt, damage is shared between your health and your magic reserves.
Your bite disrupts and absorbs the magic of your enemies.
Potions and wands cannot restore your health.
You are immune to rotting.


Message History

The worker ant closely misses you.
You riposte.
You barely miss the worker ant.
You bite the worker ant, but do no damage.
The worker ant is severely wounded.
The worker ant bites you.
You are poisoned.
The worker ant poisons you!
You hit the worker ant.
The worker ant is almost dead.
You feel sick. The worker ant barely misses you.
You hit the worker ant.
The worker ant is almost dead.
You feel sick. The worker ant bites you. x2
* * * LOW HITPOINT WARNING * * *
It was a potion of curing.
Your system rejects the healing.
You feel better. The worker ant barely misses you.
Okay, then.
You closely miss the worker ant. Your bite misses the worker ant.
The worker ant is almost dead.
The worker ant bites you.
You die...

#######
#......#
#...$..#
#......########
#.............#
#.............#
#.............#
#......@a......
#......#######.
#......#
#......####
#....)....#
#####'###.#
#...# ..
###.#####
#.#...#


You could see a worker ant.

Vanquished Creatures
  An ooze (D:3)
  2 orcs
  3 goblins
  3 bats (D:1)
  2 giant newts
  A kobold (D:2)
  A rat (D:1)
13 creatures vanquished.

Notes
Turn   | Place    | Note
-------+----------+-------------------------------------------
     0 | D:1      | amanita the Vine Stalker Gladiator began the quest for the Orb.
     0 | D:1      | Reached XP level 1. HP: 11/11 MP: 2/2
    24 | D:2      | Noticed Natasha
   170 | D:1      | Reached skill level 3 in Long Blades
   252 | D:1      | You fall through a shaft!
   269 | D:2      | Reached XP level 2. HP: 15/15 MP: 3/3
   374 | D:4      | Slain by a worker ant

Vault maps used:
D:1:      sevenhm_arrival_forest_fort_small_5
D:2:      kennysheep_okawaru_gauntlet, uniq_terence, uniq_iyjb, uniq_natasha
D:3:      marbit_many_paths, uniq_robin
D:4:      first_bread, portal_sewer_entry_d, minmay_misc_feat_rows

Skill      XL: |  1 |
---------------+----+-----
Long Blades    | 3 |  3.5
Fighting       | |  1.7
Throwing       | |  1.7
Dodging        | |  2.4

Action                   || total
-------------------------++-------
Melee: Long sword        ||    43
       Bite              ||     9
  Use: Potion            ||     1
Armor: Ring mail         ||    15
       Leather armour    ||     3
Dodge: Dodged            ||    27
